 Dungeon Crawl Stone Soup version 0.23.2-40-g277498a001 (webtiles) character file.

Game seed: 13953092127163864449

70 FishyPogo the Ducker (level 4, -3/40 HPs)
             Began as a Deep Dwarf Gladiator on Aug 23, 2019.
             Slain by an iguana (8 damage)
             ... on level 3 of the Dungeon.
             The game lasted 00:06:24 (1763 turns).

FishyPogo the Ducker (Deep Dwarf Gladiator)         Turns: 1763, Time: 00:06:25

Health: -3/40      AC:  6    Str: 18    XL:     4   Next: 3%
Magic:  4/4        EV: 13    Int:  8    God:
Gold:   106        SH:  0    Dex: 15    Spells: 3/3 levels left

rFire    . . .     SeeInvis .   a - +1 flail
rCold    . . .     Gourm    .   (no shield)
rNeg     . . .     Faith    .   l - +0 ring mail
rPois    .         Spirit   .   c - +0 helmet
rElec    .         Reflect  .   (no cloak)
rCorr    .         Harm     .   (no gloves)
MR       .....                  (no boots)
Stlth    +.........             j - amulet of inaccuracy (curse)
HPRegen  0.00/turn              (no ring)
MPRegen  0.09/turn              (no ring)

@: non-regenerating
A: damage resistance, heal wounds, sense surroundings 1, no regeneration
a: Heal Wounds


You were on level 3 of the Dungeon.
You were not hungry.

You visited 1 branch of the dungeon, and saw 3 of its levels.

You collected 106 gold pieces.

Inventory:

Hand Weapons
 a - a +1 flail (weapon)
 r - a +0 hunting sling
Missiles
 d - 3 throwing nets
 e - 78 stones (quivered)
Armour
 b - a +0 leather armour
 c - a +0 helmet (worn)
 l - a +0 ring mail (worn)
Jewellery
 j - a cursed amulet of inaccuracy (around neck)
Wands
 t - a wand of random effects (16)
Scrolls
 h - a scroll of teleportation
 i - 4 scrolls of identify
 p - a scroll of blinking
Potions
 g - 2 potions of heal wounds {unknown}
 k - a potion of invisibility
 m - a potion of might
 n - 2 potions of curing {unknown}
 o - a potion of haste {unknown}
 q - a potion of agility {unknown}
 s - a potion of brilliance {unknown}
Comestibles
 f - 6 rations
 v - 7 chunks of flesh


   Skills:
 * Level 2.6 Fighting
 + Level 3.3 Maces & Flails
 * Level 2.3 Throwing
 * Level 4.0 Dodging


You had 3 spell levels left.
You didn't know any spells.
Your spell library was empty.

Dungeon Overview and Level Annotations

Branches:
Dungeon (3/15)

Altars:
Xom


Innate Abilities, Weirdness & Mutations

You are resistant to damage.
You can heal yourself by infusing magical energy.
You passively map a small area around you.
You do not regenerate.


Message History

You kill the goblin!
e - 74 stones (gained 19)
You see here a +0 hunting sling.
e - 75 stones (gained 1)
e - 76 stones (gained 1)
e - 78 stones (gained 2)
Found a shimmering altar of Xom.
There is a shimmering altar of Xom here.
Found a dagger.
An iguana comes into view.
The iguana hisses angrily.
An orc comes into view. It is wielding a +0 club.
Found a ration.
The orc shouts!
There is a shimmering altar of Xom here.
Your ring mail prevents you from hitting the iguana.
The iguana closely misses you.
You hit the iguana but do no damage. The iguana completely misses you.
You closely miss the iguana. The iguana bites you!
You die...

#############*
#####o....o......
.....#.##...#### #
###.###.#._..#####.##### *#o##
##......ol@......# #.##
##.########.###.# .. ##.## #.#
#.# .o* *#..# ##.###)## ..
#.#.########.......#######
..**#..#..............b..)....#
%. ## ########......รท..#####.#
.. ##.....#....# #.# *
##...#####.# #.#


You could see an iguana and an orc.

Vanquished Creatures
  An adder (D:3)
  An ooze (D:1)
  A worm (D:2)
  3 dart slugs
  A leopard gecko (D:1)
  A ball python (D:1)
  4 bats
  4 giant cockroaches
  4 hobgoblins
  A frilled lizard (D:2)
  9 goblins
  5 kobolds
  12 rats
47 creatures vanquished.

Notes
Turn   | Place    | Note
-------+----------+-------------------------------------------
     0 | D:1      | FishyPogo the Deep Dwarf Gladiator began the quest for the
                  | Orb.
     0 | D:1      | Reached XP level 1. HP: 19/19 MP: 1/1
   222 | D:1      | Reached XP level 2. HP: 26/26 MP: 2/2
   466 | D:1      | You fall through a shaft!
   676 | D:1      | Reached XP level 3. HP: 20/32 MP: 3/3
  1398 | D:3      | Reached skill level 4 in Dodging
  1663 | D:3      | Reached XP level 4. HP: 5/40 MP: 4/4
  1733 | D:3      | Found a shimmering altar of Xom.
  1763 | D:3      | Slain by an iguana

Skill      XL: |  1  2  3 |
---------------+----------+-----
Fighting       | 2 |  2.6
Throwing       | 2 |  2.3
Dodging        | 4 |  4.0
Maces & Flails | |  3.3

Action                   |  1- 3 |  4- 6 || total
-------------------------+-------+-------++-------
Melee: Flail             |   193 |     5 ||   198
Throw: Stone             |    10 |       ||    10
  Use: Scroll            |     3 |     2 ||     5
  Eat: Chunk             |     3 |       ||     3
Armor: Leather armour    |    22 |       ||    22
       Ring mail         |    45 |       ||    45
Dodge: Dodged            |   171 |     7 ||   178
